 Dungeon Crawl Stone Soup version 0.30-a0-782-ge64f9170bb (webtiles) character file.

Game seed: 6647237822716912122

2896 Dirtsage the Grappler (level 9, -1/61 (63) HPs)
             Began as a Demonspawn Fighter on Mar 13, 2023.
             Killed from afar by an acid dragon (30 damage)
             ... with a splash of acid
             ... on level 8 of the Dungeon.
             The game lasted 00:11:13 (7389 turns).

Dirtsage the Grappler (Demonspawn Fighter)          Turns: 7389, Time: 00:11:13

HP:   -1/61 (63)    AC:  8    Str: 22    XL:     9   Next: 49%
MP:   9/9           EV: 19    Int:  9    God:
Gold: 309           SH:  4    Dex: 12    Spells: 8/8 levels left

rFire   . . .      SeeInvis .      - Unarmed
rCold   . . .      Faith    .    c - +0 buckler
rNeg    . . .      Spirit   .    b - +0 scale mail
rPois   .          Reflect  .    (helmet restricted)
rElec   .          Harm     .    x - +0 cloak
rCorr   .          Rampage  .    (no gloves)
Will    .....                    k - +0 pair of boots Stlth
                                 (no amulet)
HPRegen 0.30/turn                a - +4 ring of protection
MPRegen 0.11/turn                p - +5 ring of evasion

@: agile, corroded, lightly drained
A: claws 2, horns 2, powered by pain 1, spiny 1, weakness stinger 1
a: no special abilities


You were on level 8 of the Dungeon.
You visited 2 branches of the dungeon, and saw 9 of its levels.

You collected 491 gold pieces.
You spent 182 gold pieces at shops.

Inventory:

Armour
 b - a +0 scale mail (worn)
 c - a +0 buckler (worn)
 k - a +0 pair of boots (worn)
 o - a scarf of harm
 x - a +0 cloak (worn)
Jewellery
 a - a +4 ring of protection (left claw)
 p - a +5 ring of evasion (right claw)
 u - a +5 ring of evasion
 N - a ring of positive energy
Wands
 w - a wand of light (9)
 C - a wand of iceblast (2)
 D - a wand of polymorph (10)
Scrolls
 f - 5 scrolls of poison {unknown}
 g - 2 scrolls of fear
 h - 3 scrolls of enchant weapon {unknown}
 i - 6 scrolls of identify
 j - 3 scrolls of torment
 m - 2 scrolls of amnesia
 s - 5 scrolls of teleportation {unknown}
 y - a scroll of blinking {unknown}
Potions
 d - 2 potions of might
 e - 3 potions of berserk rage {unknown}
 l - 3 potions of heal wounds
 n - a potion of lignification {unknown}
 q - 4 potions of curing
 r - 2 potions of mutation {unknown}
 t - a potion of resistance {unknown}
 v - a potion of flight {unknown}
 z - 2 potions of invisibility {unknown}
 A - 3 potions of brilliance {unknown}
 B - a potion of degeneration {unknown}
 E - a potion of ambrosia {unknown}


   Skills:
 - Level 3.0 Fighting
 - Level 3.2 Axes
 - Level 2.6 Armour
 - Level 2.6 Shields
 * Level 11.7 Unarmed Combat


You had 8 spell levels left.
You didn't know any spells.
Your spell library contained the following spells:

 Spells                   Type           Power      Damage    Failure   Level
 Summon Small Mammal      Summ           0%         N/A       82%         1
 Ensorcelled Hibernation  Hex/Ice        0%         N/A       91%         2
 Passwall                 Tmut/Erth      0%         N/A       91%         2
 Sublimation of Blood     Necr           0%         N/A       91%         2
 Wereblood                Tmut           0%         N/A       91%         2
 Call Canine Familiar     Summ           0%         N/A       99%         3
 Summon Guardian Golem    Hex/Summ       0%         N/A       99%         3
 Swiftness                Air            0%         N/A       99%         3
 Animate Armour           Summ/Erth      0%         N/A       100%        4
 Blade Hands              Tmut           0%         N/A       100%        5
 Iron Shot                Conj/Erth      0%         9d1       100%        6
 Summon Hydra             Summ           0%         N/A       100%        7


Dungeon Overview and Level Annotations

Branches:
Dungeon (8/15)             Temple (1/1) D:6
   Lair: D:8-11

Altars:
Ashenzari
Cheibriados
Dithmenos
Fedhas
Gozag
Hepliaklqana
Kikubaaqudgha
Nemelex Xobeh
Okawaru
Ru
Sif Muna
Vehumet
Wu Jian
Xom
Yredelemnul

Shops:
D:2 :   D:3 *   D:4 !


Innate Abilities, Weirdness & Mutations

You have very sharp fingernails.
You have a pair of horns on your head.
You sometimes gain a little power by taking damage.
You are partially covered in sharp spines.
You have a small tail.


Message History

You scratch the hound.
The hound is heavily wounded.
The hound completely misses you.
An acid dragon comes into view.
You mangle the hound!!
You kill the hound!
You mangle the orc!!
You kill the orc!
A wight comes into view. It is wielding a +0 falchion.
The ogre is struck by your spines. The ogre closely misses you.
You mangle the ogre!!
The ogre is severely wounded.
A hound comes into view.
The ogre is struck by your spines. The ogre misses you.
The hound barks!
You claw the ogre!
You kill the ogre!
You block the acid dragon's attack. The acid dragon misses you.
You barely miss the acid dragon. The acid dragon barely misses you.
The acid dragon completely misses you.
You closely miss the acid dragon. You headbutt the acid dragon!
The acid dragon is moderately wounded.
The acid dragon misses you. You block the acid dragon's attack.
You closely miss the acid dragon.
You headbutt the acid dragon, but do no damage.
The acid dragon is moderately wounded.
You barely miss the acid dragon. You tail-slap the acid dragon.
The acid dragon is heavily wounded.
The acid dragon spits acid at you. The splash of acid hits you!!
You focus on the pain.
You feel agile all of a sudden. The acid corrodes you! The hound misses you.
You hear a shout! x2
You take 24 damage, and have 35/63 hp.
MASSIVE DAMAGE!!
You claw the acid dragon!
The acid dragon is almost dead.
The wight hits you with a +0 falchion.
You feel drained. The acid dragon spits acid at you.
The splash of acid hits you!!
You die...

... ##≈~P.
'''#############...#≈~..
.............?.#..o#~~..
...~~~~~~≈~~~~~#####≈~..
...~≈≈≈≈~≈~≈~≈≈≈≈≈≈≈≈≈..
...≈~~~~~≈~~~~~~~≈~≈~~..
......D.............P...
......h@.).†............
###.####z...............
#)#############)#
#.#<.............
#.###########.#.. #.#
#.#.. ..# #.#.. ..#
#.... ..# #####


You could see an acid dragon (catching breath), a hound and a wight.

Vanquished Creatures
  A kobold demonologist (D:8)
  3 yaks (D:6)
  A water moccasin (D:7)
  An orc warrior (D:7)
  An ice beast (D:6)
  A sky beast (D:7)
  An ogre (D:8)
  2 centaurs
  3 bullfrogs
  A necrophage (D:7)
  2 scorpions (D:4)
  4 killer bees (D:7)
  3 howler monkeys
  4 hounds
  A jelly (D:4)
  Crazy Yiuf (D:4)
  8 orc priests
  8 iguanas
  3 orc wizards
  Robin (D:4)
  4 gnolls
  4 adders
  2 ufetubi (D:5)
  4 worms
  A dart slug (D:1)
  20 orcs
  6 ball pythons
  9 endoplasms
  3 giant cockroaches
  13 goblins
  8 hobgoblins
  14 kobolds
  2 quokkas
  7 bats
  4 frilled lizards
  5 rats
156 creatures vanquished.

Notes
Turn   | Place    | Note
-------+----------+-------------------------------------------
     0 | D:1      | Dirtsage the Demonspawn Fighter began the quest for the
                  | Orb.
     0 | D:1      | Reached XP level 1. HP: 18/18 MP: 1/1
   172 | D:1      | Gained mutation: You sometimes gain a little power by
                  | taking damage. [demonic ancestry]
   172 | D:1      | Reached XP level 2. HP: 24/24 MP: 2/2
   909 | D:2      | Discovered your monstrous ancestry.
   909 | D:2      | Gained mutation: You have a pair of small horns on your
                  | head. [demonic ancestry]
   909 | D:2      | Reached XP level 3. HP: 27/29 MP: 3/3
  1001 | D:2      | Found a faded altar of an unknown god.
  1092 | D:2      | Reached skill level 1 in Unarmed Combat
  1241 | D:2      | Found Kygory's Book Boutique.
  1570 | D:3      | Reached XP level 4. HP: 35/35 MP: 4/4
  1608 | D:3      | Reached skill level 2 in Unarmed Combat
  1773 | D:3      | Found How Inwa's General Store.
  1776 | D:3      | Bought a scroll of identify for 26 gold pieces
  1776 | D:3      | Bought a scroll of identify for 26 gold pieces
  1776 | D:3      | Bought a scroll of identify for 26 gold pieces
  1961 | D:3      | You fall into a shaft and drop 2 floors!
  1961 | D:5      | Entered Level 5 of the Dungeon
  2003 | D:4      | Noticed a scorpion
  2020 | D:5      | Reached skill level 3 in Unarmed Combat
  2024 | D:5      | Gained mutation: You are partially covered in sharp spines.
                  | [demonic ancestry]
  2024 | D:5      | Reached XP level 5. HP: 19/41 MP: 5/5
  2289 | D:4      | Noticed Robin
  2302 | D:4      | Killed Robin
  2304 | D:4      | Reached skill level 4 in Unarmed Combat
  2363 | D:4      | Gained mutation: You have a small tail. [demonic ancestry]
  2363 | D:4      | Reached XP level 6. HP: 25/47 MP: 6/6
  2685 | D:3      | Found an ancient bone altar of Kikubaaqudgha.
  3014 | D:3      | Reached skill level 5 in Unarmed Combat
  3166 | D:4      | Found Feaseres's Distillery.
  3194 | D:4      | Bought a potion of heal wounds for 65 gold pieces
  3194 | D:4      | Bought a potion of curing for 39 gold pieces
  3219 | D:4      | Found an opulent altar of Gozag.
  3230 | D:4      | Reached skill level 6 in Unarmed Combat
  3454 | D:4      | Gained mutation: You have a pair of horns on your head.
                  | [demonic ancestry]
  3454 | D:4      | Reached XP level 7. HP: 52/52 MP: 7/7
  3514 | D:4      | Found a runed translucent door.
  3515 | D:4      | Noticed Crazy Yiuf
  3707 | D:4      | Killed Crazy Yiuf
  4085 | D:5      | Reached skill level 7 in Unarmed Combat
  4721 | D:6      | Found a hazy altar of Hepliaklqana.
  4853 | D:6      | Noticed a yak
  4855 | D:6      | Noticed a yak
  4871 | D:6      | Noticed a yak
  4928 | D:7      | Reached skill level 8 in Unarmed Combat
  4928 | D:7      | Gained mutation: You have sharp fingernails. [demonic
                  | ancestry]
  4928 | D:7      | Reached XP level 8. HP: 13/58 MP: 8/8
  5160 | D:7      | Found a radiant altar of Vehumet.
  5261 | D:6      | Reached skill level 9 in Unarmed Combat
  5322 | D:6      | Found a basalt altar of Yredelemnul.
  5344 | D:6      | Found a staircase to the Ecumenical Temple.
  5416 | D:6      | Reached skill level 10 in Unarmed Combat
  5861 | D:7      | Gained mutation: You have very sharp fingernails. [demonic
                  | ancestry]
  5861 | D:7      | Reached XP level 9. HP: 62/63 MP: 9/9
  6179 | D:7      | Found an ornate altar of the Wu Jian Council.
  6584 | D:7      | Found a shimmering altar of Xom.
  6815 | D:7      | Reached skill level 11 in Unarmed Combat
  6997 | Temple   | Entered the Ecumenical Temple
  7234 | D:8      | Noticed a kobold demonologist
  7241 | D:8      | Killed a kobold demonologist
  7266 | D:8      | Found a sparkling altar of Nemelex Xobeh.
  7389 | D:8      | Killed from afar by an acid dragon

Illustrated notes

Levels and vault maps discovered:
D:1:      dpeg_arrival_snail, layout_basic,
          nicolae_concentric_dashed_squares_wild, hex_intersection,
          minmay_misc_feat_rows, minmay_tree_intersection
D:2:      layout_basic, serial_shops, shop_coins,
          hellmonk_ecumenical_altar_zigzags, grunt_ministairs_7
D:3:      layout_basic, overflow_temple_1_default, serial_shops,
          nicolae_shop_stone, st_stairs_3, minmay_misc_feat_x
D:4:      layout_rooms, mainiacjoe_overflow_paths, serial_shops, shop,
          uniq_crazy_yiuf_cottage, uniq_robin
D:5:      layout_basic, serial_corexii_hall, corexii_hall_statues_t,
          chequers_hall_statues_corner_a, corexii_hall_statues_u,
          chequers_hall_statues_y
D:6:      layout_basic, mainiacjoe_overflow_six_doors_small,
          mainiacjoe_overflow_alcove_1, minmay_temple_entry_from_below_a
D:7:      layout_basic, nzn_wu_jian_contemplation, lemuel_round_altar,
          mainiacjoe_overflow_small_starburst, marbit_many_paths,
          patterned_corridor
D:8:      lemuel_castle_with_subvaults [lemuel_castle_interior_carwin_3],
          layout_basic, grunt_temple_overflow_order_and_chaos_2,
          mainiacjoe_overflow_catwalk, lair_entry_dummy, minivault_19,
          minmay_starry_boxes, uniq_joseph
Temple:   nicolae_temple_superstar

Skill      XL: |  1  2  3  4  5  6  7  8  9 |
---------------+----------------------------+-----
Axes           | 2 3 |  3.2
Unarmed Combat | 1 3 4 6 8 10 11 | 11.7
Fighting       | |  3.0
Armour         | |  2.6
Shields        | |  2.6

Action                     |  1- 3 |  4- 6 |  7- 9 || total
---------------------------+-------+-------+-------++-------
  Melee: War axe           |   134 |    59 |       ||   193
         Headbutt          |     5 |    16 |    28 ||    49
         Unarmed           |       |    51 |   195 ||   246
         Tailslap          |       |     6 |    21 ||    27
    Use: Scroll            |       |     3 |       ||     3
         Potion            |       |       |     1 ||     1
 Armour: Scale mail        |    68 |    44 |    73 ||   185
  Dodge: Dodged            |    62 |    80 |   109 ||   251
  Block: Buckler           |    27 |    27 |    41 ||    95

Table legend: (Time is in decaauts)
 A = Elapsed time spent in this place.
 B = Non-inter-level travel time spent in this place.
 C = Inter-level travel time spent in this place.
 D = Time resting spent in this place.
 E = Time spent auto-exploring this place.
 F = Levels seen in this place.
 G = Mean time per level.
                   A        B        C        D        E       F      G
               +--------+--------+--------+--------+--------+-----+--------+
         Total |   7445 |   6941 |    504 |     43 |   5844 |   9 |  827.2 |
       Dungeon |   7340 |   6851 |    489 |     43 |   5764 |   8 |  917.5 |
        Temple |    104 |     89 |     15 |      0 |     80 |   1 |  104.0 |
               +--------+--------+--------+--------+--------+-----+--------+

Top non-repeatable levels by time:
     D:7: 1579 daAuts
     D:6: 1115 daAuts
     D:3: 967 daAuts
     D:5: 946 daAuts
     D:1: 936 daAuts
     D:4: 934 daAuts
     D:2: 658 daAuts
     D:8: 202 daAuts
  Temple: 104 daAuts
